 Dungeon Crawl Stone Soup version 0.18-a0-1539-g1c7284a (webtiles) character file.

375 Hilldric the Shield-Bearer (level 7, -3/55 HPs)
             Began as a Human Fighter on Mar 9, 2016.
             Was an Initiate of Ru.
             Slain by a sky beast (5 damage)
             ... on level 3 of the Dungeon.
             The game lasted 00:22:06 (4617 turns).

Hilldric the Shield-Bearer (Human Fighter)          Turns: 4617, Time: 00:22:06

Health: -3/55      AC: 13    Str: 17    XL:     7   Next: 3%
Magic:  16/16      EV:  4    Int:  8    God:    Ru [......]
Gold:   188        SH:  9    Dex: 14    Spells: 0 memorised, 6 levels left

rFire  . . .     SeeInvis .     d - -2 hand axe (curse)
rCold  . . .     Gourm    .     i - +0 plate armour
rNeg   + . .     Faith    .     c - +0 shield
rPois  .         Spirit   .     k - +0 helmet
rElec  .         Dismiss  .     (no cloak)
rCorr  .         Reflect  .     (no gloves)
SustAt .         Harm     .     (no boots)
MR     .....                    (no amulet)
Stlth  ..........               m - ring of positive energy
                                e - ring of magical power

@: flying, not resistant to hostile enchantments, extremely unstealthy
A: no striking features
a: Renounce Religion


You were on level 3 of the Dungeon.
You worshipped Ru.
Ru was noncommittal.
You were not hungry.

You visited 1 branch of the dungeon, and saw 5 of its levels.

You collected 188 gold pieces.

Inventory:

Hand Weapons
 a - a +1 long sword
 d - a cursed -2 hand axe (weapon)
 g - a +1 dagger of protection
Armour
 c - a +0 shield (worn)
 i - a +0 plate armour (worn)
 k - a +0 helmet (worn)
Jewellery
 e - a ring of magical power (left hand)
 m - a ring of positive energy (right hand)
Scrolls
 h - 2 scrolls of identify
Comestibles
 f - a bread ration


   Skills:
 + Level 4.4 Fighting
 + Level 3.1 Long Blades
 + Level 0.2 Axes
 + Level 4.2 Armour
 + Level 2.0 Dodging
 + Level 4.6 Shields


You had 6 spell levels left.
You didn't know any spells.

Dungeon Overview and Level Annotations

Branches:
Dungeon (5/15)
 Temple: D:4-7

Altars:
Ashenzari
Ru


Message History

You miss something. Something hits you but does no damage.
You closely miss something. Something hits you but does no damage.
You hit something but do no damage.
Something hits you but does no damage. x2
You closely miss something. Something hits you but does no damage.
You hit something. Something hits you but does no damage.
You miss something.
Something hits you but does no damage. x2
You closely miss something. You block something's attack.
You miss something. Something hits you but does no damage.
You miss something.
Something hits you but does no damage. x2
You closely miss something. Something hits you.
* * * LOW HITPOINT WARNING * * *
Something shocks you.
* * * LOW HITPOINT WARNING * * *
It was a potion of flight.
You feel very buoyant.
You fly up into the air.
Something hits you but does no damage. Something hits you.
* * * LOW HITPOINT WARNING * * *
Something shocks you.
You die...

.....#.#.........#########.#
.....#.#.........# #.#
.....#.#.........# #.#
.......#......(..# #.#
.................# #†#
..()........####.# #.#
............# #.# ###.#
.....#.#...## #.# #...#
######.#...#####@# #.#.#
#..≈........# #.###
################## #.##
............# #..#
###.........# ##.#
.........<..# ###.###
............# #...PP#
###........###########PP..P#
#..................#P._.^#


There were no monsters in sight!

Vanquished Creatures
  A phantom (D:4)
  A hound (D:4)
  Terence (D:2)
  A hound skeleton (D:4)
  Robin (D:4)
  3 gnolls (D:4)
  5 adders
  A shadow imp (D:3)
  An ooze (D:3)
  4 worms
  4 dart slugs
  6 giant geckos
  8 orcs
  4 giant cockroaches
  19 goblins
  6 hobgoblins
  5 jackals
  8 kobolds
  2 quokkas (D:4)
  4 bats
  5 giant newts
  5 rats
95 creatures vanquished.

Notes
Turn   | Place    | Note
--------------------------------------------------------------
     0 | D:1      | Hilldric the Human Fighter began the quest for the Orb.
     0 | D:1      | Reached XP level 1. HP: 18/18 MP: 1/1
   190 | D:1      | Reached XP level 2. HP: 21/24 MP: 2/2
   861 | D:2      | Noticed Terence
   874 | D:2      | Reached skill level 1 in Dodging
   874 | D:2      | Reached XP level 3. HP: 29/29 MP: 3/3
   879 | D:2      | Killed Terence
   879 | D:2      | Reached XP level 4. HP: 27/35 MP: 4/4
  1919 | D:3      | Reached XP level 5. HP: 22/42 MP: 5/5
  2858 | D:3      | Found a sacrificial altar of Ru.
  2866 | D:3      | Became a worshipper of Ru the Awakened
  3098 | D:4      | Paralysed by fainting for 12 turns
  3115 | D:4      | Reached XP level 6. HP: 19/48 MP: 6/6
  3324 | D:4      | Noticed a phantom
  3431 | D:4      | Killed a phantom
  3702 | D:4      | Found a shattered altar of Ashenzari.
  3803 | D:4      | Noticed Robin
  3884 | D:4      | Killed Robin
  4215 | D:5      | Entered Level 5 of the Dungeon
  4215 | D:5      | Noticed a sky beast
  4301 | D:4      | Reached XP level 7. HP: 25/55 MP: 7/7
  4617 | D:3      | HP: 2/55 [something (4)]
  4617 | D:3      | Slain by a sky beast

Vault maps used:
D:1:      scummos_arrival_star
D:2:      uniq_terence
D:3:      nicolae_ru_the_path_less_chosen, first_bread, feat_on_display
D:4:      grunt_temple_overflow_diamond, nicolae_ashenzari_panopticon,
          uniq_robin

Skill      XL: |  1  2  3  4  5  6 |
---------------+-------------------+-----
Dodging        | 1 2 |  2.0
Shields        | 4 |  4.6
Fighting       | 4 |  4.4
Long Blades    | 3 |  3.1
Armour         | 4 |  4.2
Axes           | |  0.2

Action                   |  1- 3 |  4- 6 |  7- 9 || total
-------------------------+-------+-------+-------++-------
Melee: Long sword        |    63 |   368 |       ||   431
       Hand axe          |       |    63 |    42 ||   105
  Use: Scroll            |     4 |     8 |     1 ||    13
       Potion            |       |     4 |     1 ||     5
  Eat: Chunk             |       |     5 |       ||     5
       Bread ration      |       |     1 |     1 ||     2
       Pizza             |       |     1 |       ||     1
